 Dungeon Crawl Stone Soup version 0.17-a0-1763-g847a857 (webtiles) character file.

196 Kaesh the Shield-Bearer (level 6, -2/49 HPs)
             Began as a Formicid Fighter on Sept 5, 2015.
             Slain by a gnoll
             ... wielding a +0 halberd
              (8 damage)
             ... on level 4 of the Dungeon.
             The game lasted 00:10:35 (2717 turns).

Kaesh the Shield-Bearer (Formicid Fighter)          Turns: 2717, Time: 00:10:36

Health: -2/49      AC:  6    Str: 23    XL:     6   Next: 4%
Magic:  15/15      EV: 11    Int:  7    God:
Gold:   188        SH: 11    Dex: 10    Spells: 0 memorised, 5 levels left

rFire  + . .     SeeInvis +     a - +0 war axe
rCold  . . .     Clarity  .     r - +3 leather armour {rF+}
rNeg   . . .     SustAt   .     c - +1 shield
rPois  .         Gourm    .     (helmet unavailable)
rElec  .         Spirit   .     (no cloak)
rCorr  .         Warding  .     (no gloves)
rMut   .         Stasis   +     (no boots)
MR     .....                    (no amulet)
Stlth  +.........               i - ring of magical power
                                h - +1 ring of evasion

@: lethally poisoned (-2 -> -3), not resistant to hostile enchantments, very
unstealthy
A: permanent stasis, dig shafts and tunnels, four strong arms, antennae 3
a: Dig, Shaft Self


You were on level 4 of the Dungeon.
You were not hungry.

You visited 1 branch of the dungeon, and saw 4 of its levels.

You collected 188 gold pieces.

Inventory:

Hand weapons
 a - a +0 war axe (weapon)
Armour
 b - a +0 scale mail
 c - a +1 shield (worn)
 r - a +3 leather armour of fire resistance (worn)
Jewellery
 h - a +1 ring of evasion (left hand)
 i - a ring of magical power (right hand)
Magical devices
 s - a wand of fire (3)
 v - a wand of digging (13)
Scrolls
 g - a scroll of enchant armour
 j - a scroll of remove curse
 p - 2 scrolls of identify
Potions
 d - a potion of might
 l - a potion of agility {unknown}
 n - 2 potions of curing
 t - a potion of heal wounds {unknown}
 w - a potion of cancellation {unknown}
Comestibles
 e - 4 bread rations
 f - 8 fruits
 k - 3 beef jerkies
 m - a meat ration
 o - a slice of pizza
 q - 5 chunks of flesh
 u - a royal jelly


   Skills:
 + Level 4.3 Fighting
 + Level 3.1 Axes
 + Level 4.1 Armour
 + Level 1.9 Dodging
 + Level 4.5 Shields


You had 5 spell levels left.
You didn't know any spells.

Dungeon Overview and Level Annotations

Branches:
Dungeon (4/15)
 Temple: D:4-7

Altars:
Dithmenos
Gozag
Nemelex Xobeh


Innate Abilities, Weirdness & Mutations

You are under a permanent stasis effect.
You can dig through walls and to a lower floor.
Your four strong arms can wield two-handed weapons with a shield.
You have a pair of large antennae on your head (SInv).


Message History

You feel sick. You block the gnoll's attack.
The ogre hits you with a giant spiked club!
* * * LOW HITPOINT WARNING * * *
You hit the ogre.
The ogre is almost dead.
The gnoll barely misses you. The ogre closely misses you.
You hit the ogre.
The ogre is almost dead.
You feel sick. The gnoll closely misses you. The ogre barely misses you.
You hit the ogre but do no damage.
The ogre is almost dead.
The gnoll closely misses you. x2
You block the ogre's attack.
You hit the ogre but do no damage.
The ogre is almost dead.
You feel sick. You block the gnoll's attack. The ogre barely misses you.
Your shield prevents you from hitting the ogre.
The ogre is almost dead.
The gnoll hits you from afar with a halberd!
You die...

#.# ##...## ## #.#
##.....## #. #.#
##.......###. ##.#
#..)......##. #..#
#............ #.##
##.........##.
#.###........(.###.
#.##..........## #.
#.@O.....#...## #[
####g....##..# ..
##)..#.... ..
....... . .......
..#.... ..#.... ..#
.#. ..# #


You could see an ogre and a gnoll.

Vanquished Creatures
  Ijyb (D:2)
  8 adders
  3 worms
  A giant gecko (D:2)
  9 orcs
  3 hobgoblins
  14 jackals (D:3)
  13 kobolds
  3 quokkas
  2 ball pythons
  3 bats
  6 giant cockroaches
  4 giant newts
  7 goblins
  7 rats
84 creatures vanquished.

Notes
Turn   | Place    | Note
--------------------------------------------------------------
     0 | D:1      | Kaesh the Formicid Fighter began the quest for the Orb.
     0 | D:1      | Reached XP level 1. HP: 18/18 MP: 1/1
   195 | D:1      | Reached XP level 2. HP: 24/24 MP: 2/2
   382 | D:2      | Reached XP level 3. HP: 27/29 MP: 3/3
   588 | D:2      | Found a shadowy altar of Dithmenos.
   601 | D:2      | Reached skill level 1 in Dodging
   726 | D:2      | Reached skill level 4 in Shields
   974 | D:2      | Reached XP level 4. HP: 19/37 MP: 4/4
  1493 | D:2      | Noticed Ijyb
  1519 | D:2      | Killed Ijyb
  1519 | D:2      | Reached XP level 5. HP: 42/42 MP: 5/5
  1647 | D:2      | Found an opulent altar of Gozag.
  1647 | D:2      | Found a sparkling altar of Nemelex Xobeh.
  2702 | D:4      | Noticed an ogre
  2712 | D:4      | Reached XP level 6. HP: 19/49 MP: 6/6
  2717 | D:4      | Slain by a gnoll

Vault maps used:
D:1:      denvon_arrival_planthouse, st_stairs_6
D:2:      grunt_temple_overflow_opulence, first_bread, minivault_23,
          grunt_ministairs_1, grunt_dithmenos_smoke_and_mirrors, uniq_iyjb

Action                   |  1- 3 |  4- 6 || total
-------------------------+-------+-------++-------
Melee: War axe           |   114 |   168 ||   282
  Use: Scroll            |     4 |     4 ||     8
       Potion            |     4 |       ||     4
  Eat: Chunk             |       |     6 ||     6
